 Dungeon Crawl Stone Soup version 0.26.1-11-gd32895ea62 (webtiles) character file.

Game seed: 1484705015497100411

14989 Gabide the Cleaver (level 11, -5/78 (84) HPs)
             Began as a Demonspawn Gladiator on Apr 23, 2021.
             Was an Elder of Wu Jian.
             Killed by divine providence
             ... invoked by an orc priest
              (10 damage)
             ... on level 11 of the Dungeon on Apr 30, 2021.
             The game lasted 00:31:24 (12004 turns).

Gabide the Cleaver (Demonspawn Gladiator)          Turns: 12004, Time: 00:31:25

HP:   -5/78 (84)    AC: 21    Str: 24    XL:     11   Next: 96%
MP:   0/11          EV: 14    Int: 10    God:    Wu Jian [****..]
Gold: 716           SH:  0    Dex: 14    Spells: 10/10 levels left

rFire    + . .     SeeInvis .   o - +0 battleaxe
rCold    + . .     Faith    .   (shield currently unavailable)
rNeg     . . .     Spirit   +   g - +0 ring mail
rPois    .         Reflect  .   c - +2 helmet
rElec    .         Harm     .   a - scarf {rC+ rF+}
rCorr    .         Rampage  .   (no gloves)
Will     .....                  h - +1 pair of boots
Stlth    +.........             s - amulet of regeneration
HPRegen  0.63/turn              j - +4 ring of protection
MPRegen  0.24/turn              b - +6 ring of strength

@: mighty, sanguine armour, drained
A: claws 1, powered by pain 1, magic shield, magic regeneration, sanguine armour
1
a: Renounce Religion, Wall Jump, Serpent's Lash


You were on level 11 of the Dungeon.
You worshipped Wu Jian.
Wu Jian was greatly pleased with you.
You visited 1 branch of the dungeon, and saw 11 of its levels.

You collected 716 gold pieces.

Inventory:

Hand Weapons
 o - a +0 battleaxe (weapon)
Missiles
 n - 15 boomerangs (quivered)
Armour
 a - a scarf of resistance (worn)
 c - a +2 helmet (worn)
 g - a +0 ring mail (worn)
 h - a +1 pair of boots (worn)
Jewellery
 b - a +6 ring of strength (right claw)
 e - an uncursed ring of see invisible
 j - a +4 ring of protection (left claw)
 s - an amulet of regeneration (around neck)
 x - an uncursed amulet of magic regeneration {unknown}
 z - an uncursed ring of protection from cold {unknown}
Wands
 q - a wand of flame (21)
 y - a wand of random effects (19)
Scrolls
 d - 2 scrolls of identify
 f - 2 scrolls of magic mapping
 i - 3 scrolls of amnesia
 m - 5 scrolls of teleportation
 p - 8 scrolls of remove curse
 w - a scroll of fog
Potions
 k - 6 potions of curing
 l - a potion of mutation
 t - a potion of brilliance
 u - a potion of cancellation {unknown}
 v - 2 potions of attraction


   Skills:
 + Level 7.4 Fighting
 * Level 13.8(14.1) Axes
 - Level 4.8(10.3) Polearms
 - Level 1.7 Throwing
 + Level 5.3 Armour
 + Level 5.3 Dodging
 + Level 1.6 Stealth
 - Level 0.6 Shields


You had 10 spell levels left.
You didn't know any spells.
Your spell library contained the following spells:

 Spells                   Type           Power        Failure   Level
 Animate Skeleton         Necr           0%           50%         1
 Apportation              Tloc           0%           50%         1
 Corona                   Hex            0%           50%         1
 Shock                    Conj/Air       0%           50%         1
 Sting                    Tmut/Pois      0%           50%         1
 Summon Small Mammal      Summ           0%           50%         1
 Poisonous Vapours        Pois/Air       0%           65%         2
 Swiftness                Air            0%           65%         2
 Conjure Flame            Conj/Fire      0%           86%         3
 Ignite Poison            Fire/Tmut/Pois 0%           86%         3
 Mephitic Cloud           Conj/Pois/Air  0%           86%         3
 Static Discharge         Conj/Air       0%           86%         3
 Airstrike                Air            0%           99%         4
 Olgreb's Toxic Radiance  Pois           0%           99%         4
 Lightning Bolt           Conj/Air       0%           100%        5
 Freezing Cloud           Conj/Ice/Air   0%           100%        6


Dungeon Overview and Level Annotations

Branches:
Dungeon (11/15)            Temple (0/1) D:7            Lair (0/6) D:9
    Orc (0/2) D:11

Altars:
Cheibriados
Dithmenos
Gozag
Hepliaklqana
Nemelex Xobeh
Okawaru
Sif Muna
Uskayaw
Wu Jian
Xom
Yredelemnul

Shops:
D:4 =   D:7 :   D:9 (

Annotations:
D:2 1 runed translucent door
D:7 2 transporters, H0rd4k's ghost, novice HuAr
D:11 1 transporter, urm's ghost, journeyman TrBe


Innate Abilities, Weirdness & Mutations

You have sharp fingernails.
You sometimes gain a little power by taking damage.
When hurt, damage is shared between your health and your magic reserves.
You regenerate magic rapidly.
When seriously injured, your bleeding wounds create armour. (AC +6)


Message History

You slash the orc warrior!
You kill the orc warrior!
The Council accepts your kill. The troll closely misses you.
The troll claws you but does no damage. The troll barely misses you.
The orc warrior misses you. The gnoll sergeant closely misses you.
You spin and attack the troll.
You slice the troll!!
The troll is severely wounded.
An orc priest comes into view. It is wielding a +0 dagger.
The troll bites you but does no damage. The troll claws you!
* * * LOW HITPOINT WARNING * * *
The troll claws you but does no damage. The orc warrior misses you.
The gnoll sergeant completely misses you.
Items here: ))) [.
You slash the orc priest!
The orc priest is heavily wounded.
You slash the troll!
The orc priest invokes the aid of Beogh against you.
Beogh smites you!
You die...

#.#####..#
##.## #..#
##.# #####
#○#8g.g8#


#☼#gKoOo# #§OooKoo# #T#○.go.# #@# .g.8# #o# #### ..# #### You could see a troll,
an ogre, 2 gnoll sergeants and an orc priest.

Vanquished Creatures
  3 two-headed ogres
  3 death yaks
  A kobold demonologist (D:9)
  3 trolls (D:10)
  A hornet (D:6)
  Grinder (D:4)
  Prince Ribbit (D:7)
  A meliai zombie (D:11)
  A shadow (D:11)
  A wraith (D:10)
  21 yaks
  Menkaure (D:7)
  An ice beast (D:6)
  3 sky beasts
  3 orc warriors
  7 ogres
  2 necrophages
  2 phantoms
  2 centaurs
  12 big kobolds (D:9)
  7 bullfrogs
  7 scorpions
  A water moccasin skeleton (D:5)
  3 killer bees (D:10)
  14 wights
  4 howler monkeys
  2 jellies
  A bullfrog zombie (D:5)
  7 hounds
  A human zombie (D:2)
  2 quasits
  5 orc priests
  10 orc wizards
  2 bullfrog skeletons
  A centaur skeleton (D:6)
  12 worker ants
  3 hell rats (D:9)
  3 iguanas
  3 hound skeletons
  4 worker ant zombies
  2 howler monkey zombies
  A howler monkey skeleton (D:5)
  19 adders
  6 gnolls
  A shadow imp (D:10)
  6 white imps
  3 ufetubi
  An ooze (D:1)
  An adder zombie (D:7)
  2 adder skeletons
  2 worms
  A dart slug (D:3)
  4 leopard geckos
  28 orcs
  4 giant cockroaches
  7 goblins
  8 hobgoblins
  9 jackals
  12 kobolds
  8 quokkas
  2 ball pythons
  8 bats
  7 frilled lizards
  A jackal zombie (D:2)
  A kobold zombie (D:2)
  3 quokka zombies
  6 rats
315 creatures vanquished.

Notes
Turn   | Place    | Note
-------+----------+-------------------------------------------
     0 | D:1      | Gabide the Demonspawn Gladiator began the quest for the
                  | Orb.
     0 | D:1      | Reached XP level 1. HP: 16/16 MP: 1/1
   404 | D:1      | Gained mutation: When hurt, damage is shared between your
                  | health and your magic reserves. [demonic ancestry]
   404 | D:1      | Reached XP level 2. HP: 22/22 MP: 2/2
  1011 | D:2      | Found a runed translucent door.
  1011 | D:2      | Noticed a human
  1036 | D:2      | Reached XP level 3. HP: 15/27 MP: 3/3
  1173 | D:2      | Found a basalt altar of Yredelemnul.
  1187 | D:2      | Gained mutation: You sometimes gain a little power by
                  | taking damage. [demonic ancestry]
  1187 | D:2      | Reached XP level 4. HP: 31/33 MP: 2/4
  2194 | D:3      | Reached XP level 5. HP: 39/39 MP: 5/5
  2543 | D:3      | Found a faded altar of an unknown god.
  2613 | D:3      | Reached skill level 1 in Armour
  2617 | D:3      | Reached skill level 1 in Axes
  3250 | D:3      | Became a worshipper of the Wu Jian Council
  3250 | D:3      | Reached * piety under Wu Jian
  3293 | D:4      | Reached skill level 2 in Axes
  3293 | D:4      | Reached XP level 6. HP: 22/46 MP: 6/6
  3505 | D:4      | Reached skill level 3 in Axes
  3965 | D:4      | Found Kuiwki's Jewellery Boutique.
  3978 | D:4      | Noticed Grinder
  3979 | D:4      | Paralysed by Grinder for 6 turns
  4007 | D:4      | Paralysed by Grinder for 7 turns
  4016 | D:4      | Killed Grinder
  4017 | D:4      | Reached skill level 4 in Axes
  4017 | D:4      | Reached skill level 1 in Stealth
  4017 | D:4      | Reached XP level 7. HP: 16/51 MP: 4/7
  4792 | D:5      | Entered Level 5 of the Dungeon
  4802 | D:4      | Reached skill level 5 in Axes
  5699 | D:5      | Reached XP level 8. HP: 58/58 MP: 8/8
  5713 | D:5      | Reached skill level 6 in Axes
  6020 | D:5      | Reached ** piety under Wu Jian
  6567 | D:6      | Noticed a two-headed ogre
  6585 | D:6      | Killed a two-headed ogre
  6586 | D:6      | Reached skill level 8 in Axes
  6586 | D:6      | Gained mutation: You have sharp fingernails. [demonic
                  | ancestry]
  6586 | D:6      | Reached XP level 9. HP: 11/65 MP: 2/9
  7010 | D:6      | Paralysed by a hornet for 1 turns
  7019 | D:6      | Paralysed by a hornet for 2 turns
  7024 | D:6      | Reached skill level 9 in Axes
  7466 | D:7      | Found a transporter.
  7466 | D:7      | Found a transporter.
  7478 | D:7      | Noticed H0rd4k's ghost (novice HuAr)
  7480 | D:7      | Noticed a queen bee
  7566 | D:7      | Found Ohafuts's Book Shop.
  7593 | D:7      | Found a sparkling altar of Nemelex Xobeh.
  7594 | D:7      | Found an opulent altar of Gozag.
  7596 | D:7      | Found a hide-covered altar of Uskayaw.
  7602 | D:7      | Found a hazy altar of Hepliaklqana.
  7604 | D:7      | Found a snail-covered altar of Cheibriados.
  7604 | D:7      | Found a shadowy altar of Dithmenos.
  7604 | D:7      | Found a shimmering blue altar of Sif Muna.
  7605 | D:7      | Found a basalt altar of Yredelemnul.
  7827 | D:7      | Found a shimmering altar of Xom.
  7827 | D:7      | You fall into a shaft and drop 2 floors!
  7856 | D:9      | Found an iron altar of Okawaru.
  7858 | D:9      | Noticed a two-headed ogre
  7871 | D:9      | Killed a two-headed ogre
  7872 | D:9      | Reached skill level 10 in Axes
  7973 | D:9      | Noticed a death yak
  7973 | D:9      | Noticed a death yak
  8083 | D:8      | Gained mutation: When seriously injured, your bleeding
                  | wounds create armour. (AC +6) [demonic ancestry]
  8083 | D:8      | Reached XP level 10. HP: 56/73 MP: 7/10
  8470 | D:8      | Noticed a two-headed ogre
  8481 | D:8      | Killed a two-headed ogre
  8482 | D:8      | Reached skill level 5 in Fighting
  8482 | D:8      | Reached skill level 11 in Axes
  8713 | D:9      | Noticed a death yak
  8738 | D:8      | Killed a death yak
  8917 | D:7      | Found a staircase to the Ecumenical Temple.
  9170 | D:7      | Noticed Menkaure
  9176 | D:7      | Killed Menkaure
  9293 | D:7      | Noticed Prince Ribbit
  9302 | D:7      | Reached *** piety under Wu Jian
  9319 | D:7      | Killed Prince Ribbit
  9422 | D:9      | Found a staircase to the Lair.
  9525 | D:9      | Found Bavasof's Weapon Emporium.
  9816 | D:9      | Reached skill level 12 in Axes
  9821 | D:9      | Gained mutation: You regenerate magic rapidly. [demonic
                  | ancestry]
  9821 | D:9      | Reached XP level 11. HP: 55/81 MP: 7/11
  9965 | D:9      | Killed a death yak
  9966 | D:9      | Reached skill level 5 in Dodging
  9972 | D:9      | Killed a death yak
 10259 | D:9      | Reached skill level 5 in Armour
 10265 | D:9      | Reached **** piety under Wu Jian
 10430 | D:10     | Entered Level 10 of the Dungeon
 10579 | D:10     | Reached skill level 13 in Axes
 11098 | D:10     | Found a sparkling altar of Nemelex Xobeh.
 11710 | D:11     | Noticed a death knight
 11741 | D:11     | Reached ***** piety under Wu Jian
 11940 | D:11     | Noticed an eight-headed hydra
 11943 | D:11     | Found a transporter.
 11947 | D:11     | Noticed urm's ghost (journeyman TrBe)
 11981 | D:11     | Found a staircase to the Orcish Mines.
 12004 | D:11     | Killed from afar by an orc priest

Illustrated notes

Levels and vault maps discovered:
D:1:      dpeg_arrival_prison, layout_basic
D:2:      layout_basic, roderic_serpentine_path, dk_yredelemnul_ordeal
D:3:      layout_loops_cross, chequers_ecumenical_altar_simple
D:4:      layout_cave_pools, serial_column_ruins, column_ruins_hut_ruined,
          column_ruins_open_large, column_ruins_open_tiny, column_ruins_grid_2,
          column_ruins_open_small, column_ruins_columns_straight, serial_shops,
          nicolae_shop_stone, kennysheep_generic_room_5, uniq_grinder
D:5:      layout_loops_ring, nzn_random_ring
D:6:      minmay_chambers_of_fours, layout_loops_ring
D:7:      layout_basic, minitemple, lemuel_doored_altar,
          minmay_temple_entry_from_below_a, serial_shops, shop,
          gammafunk_ghost_hive, roderic_cross_of_infinity,
          hangedman_decor_opposing, uniq_prince_ribbit1, uniq_menkaure
D:8:      layout_cave_pools, serial_glass, glass_columns_b, glass_columns_b,
          minivault_1
D:9:      layout_loops_cross, dpeg_lair_monsters, special_room
          [special_room_kobold], serial_shops, shop, minmay_misc_feat_plants,
          okawaru_gym_becter
D:10:     layout_loops_cross, basic_altar
D:11:     layout_loops_ring, kennysheep_orc_monster_closet_entryway,
          nzn_ghost_randoct, special_room [special_room_bee], xom_teletrap_fun

Skill      XL: |  1  2  3  4  5  6  7  8  9 10 11 |
---------------+----------------------------------+-----
Polearms       | 3 4 |  4.8
Dodging        | 3 4 5 |  5.3
Armour         | 1 2 3 4 5 |  5.3
Axes           | 2 4 5 8 10 12 13 | 13.8
Stealth        | 1 |  1.6
Fighting       | 3 4 5 7 |  7.4
Throwing       | |  1.7
Shields        | |  0.6

Action                   |  1- 3 |  4- 6 |  7- 9 | 10-12 || total
-------------------------+-------+-------+-------+-------++-------
Melee: Trident           |    81 |   109 |       |       ||   190
       Battleaxe         |       |   124 |   303 |   558 ||   985
Throw: Throwing net      |     1 |     5 |     1 |       ||     7
       Boomerang         |       |     3 |     5 |     1 ||     9
Invok: Whirlwind         |       |    18 |    49 |    32 ||    99
       Lunge             |       |     2 |    11 |    29 ||    42
       Serpent's Lash    |       |       |       |     1 ||     1
       Heavenly Storm    |       |       |       |     1 ||     1
 Abil: Wall Jump         |       |       |       |     1 ||     1
  Use: Scroll            |     3 |     9 |     5 |     8 ||    25
       Potion            |       |       |     7 |     6 ||    13
 Stab: Sleeping          |     1 |       |       |       ||     1
       Held in net/web   |     2 |     1 |       |       ||     3
       Distracted        |       |       |       |     1 ||     1
Armor: Leather armour    |     3 |       |       |       ||     3
       Ring mail         |    27 |   102 |   122 |   247 ||   498
Dodge: Dodged            |    29 |   179 |   208 |   443 ||   859
Block: Buckler           |       |    10 |       |       ||    10
